 Dungeon Crawl Stone Soup version 0.17-a0-461-g772d41b (webtiles) character file.

78 Karaelmas the Skirmisher (level 4, -8/37 HPs)
             Began as a Demonspawn Berserker on Apr 5, 2015.
             Was a Believer of Trog.
             Killed by nerve-wracking pain
             ... invoked by an orc priest
              (12 damage)
             ... on level 2 of the Dungeon.
             The game lasted 00:19:05 (2584 turns).

Karaelmas the Skirmisher (Demonspawn Berserker)     Turns: 2584, Time: 00:19:06

Health: -8/37      AC: 13    Str: 18    XL:     4   Next: 15%
Magic:  4/4        EV:  8    Int:  8    God:    Trog [**....]
Gold:   105        SH:  0    Dex: 13    Spells: 0 memorised, 3 levels left

rFire  . . .     SeeInvis .     h - +0 hand axe
rCold  . . .     Clarity  .     j - +0 chain mail
rNeg   . . .     SustAb   .     (no shield)
rPois  .         Gourm    .     n - +0 helmet
rElec  .         Spirit   .     m - +0 cloak
rCorr  .         Warding  .     (no gloves)
rMut   .         Stasis   .     (no boots)
MR     .....                    (no amulet)
Stlth  ..........               (no ring)
                                (no ring)

@: confused, exhausted, slowed, very slow, not resistant to hostile
enchantments, extremely unstealthy
A: yellow scales 1, spiny 1
a: Burn Spellbooks, Berserk, Trog's Hand, Renounce Religion


You were on level 2 of the Dungeon.
You worshipped Trog.
Trog was pleased with you.
You were not hungry.

You visited 1 branch of the dungeon, and saw 3 of its levels.

You collected 105 gold pieces.

Inventory:

Hand weapons
 a - a +1 hand axe
 d - a +0 club
 h - a +0 hand axe (weapon)
Armour
 b - a +0 animal skin
 f - a +0 ring mail
 g - a +0 hat
 j - a +0 chain mail (worn)
 m - a +0 cloak (worn)
 n - a +0 helmet (worn)
Scrolls
 e - 2 scrolls of identify
 k - a scroll of remove curse
Potions
 i - a potion of curing {unknown}
 o - a potion of invisibility {unknown}
Books
 l - a book of Spatial Translocations

   Spells                             Type                      Level
   a - Apportation                    Translocation                1
   b - Blink                          Translocation                2
   c - Shroud of Golubria             Charms/Translocation         2
   d - Portal Projectile              Translocation                3
   e - Teleport Other                 Translocation                3
   f - Passage of Golubria            Translocation                4
   Trog disapproves of the use of such an item.
Comestibles
 c - 6 bread rations


   Skills:
 + Level 3.7 Fighting
 + Level 3.3 Axes
 + Level 2.6 Armour
 + Level 2.0 Dodging


You had 3 spell levels left.
You didn't know any spells.

Dungeon Overview and Level Annotations

Branches:
Dungeon (3/15)

Altars:
Gozag
Nemelex Xobeh


Innate Abilities, Weirdness & Mutations

You are partially covered in yellow scales (AC +2).
You are partially covered in sharp spines.


Message History

The orc priest closely misses you. The orc barely misses you.
You hear some strange, mumbled words.
You are confused.
The orc priest becomes somewhat translucent.
You miss the orc priest.
The orc priest is lightly wounded.
The orc hits you with a hand axe.
* * * LOW HITPOINT WARNING * * *
Something hits you but does no damage.
The orc priest hits you but does no damage.
The orc hits you with a hand axe.
* * * LOW HITPOINT WARNING * * *
Something hits you but does no damage.
You hit the orc priest.
The orc priest is moderately wounded.
The orc priest closely misses you. Something hits you but does no damage.
The orc hits you but does no damage.
The orc priest mumbles some strange prayers to Beogh against you.
Pain shoots through your body!
You die...

#### #####.@#####
#####....o)o...#######
#..............#.....###
#......................##
#..............#.....#..###
#...)####..#########.#....#
###..#.######...(# #.......
#.....### #....# ###...##
##.#....###....# #....#


You could see an orc priest and an orc.

Vanquished Creatures
  4 adders (D:2)
  A worm (D:2)
  A giant gecko (D:2)
  2 orcs (D:3)
  7 bats
  A giant cockroach (D:1)
  7 hobgoblins
  A ball python (D:2)
  4 goblins
  4 kobolds
  A quokka (D:2)
  4 rats
37 creatures vanquished.

Vanquished Creatures (others)
  5 toadstools (D:1)
5 creatures vanquished.

Grand Total: 42 creatures vanquished

Notes
Turn   | Place    | Note
--------------------------------------------------------------
     0 | D:1      | Karaelmas, the Demonspawn Berserker, began the quest for the Orb.
     0 | D:1      | Reached XP level 1. HP: 18/18 MP: 1/1
   702 | D:1      | Gained mutation: You are partially covered in yellow scales (AC +2). [demonic ancestry]
   702 | D:1      | Reached XP level 2. HP: 22/24 MP: 2/2
  1332 | D:2      | Found an opulent altar of Gozag.
  1332 | D:2      | Found a sparkling altar of Nemelex Xobeh.
  1399 | D:2      | Gained mutation: You are partially covered in sharp spines. [demonic ancestry]
  1399 | D:2      | Reached XP level 3. HP: 10/29 MP: 3/3
  1966 | D:2      | Acquired Trog's second power
  2115 | D:2      | Reached XP level 4. HP: 22/36 MP: 4/4
  2584 | D:2      | Killed from afar by an orc priest

Action                   |  1- 3 |  4- 6 || total
-------------------------+-------+-------++-------
Melee: Hand axe          |   102 |    20 ||   122
Invok: Berserk           |     1 |     1 ||     2
  Use: Scroll            |     4 |       ||     4
  Eat: Chunk             |     3 |       ||     3
       Royal jelly       |     1 |       ||     1
       Bread ration      |       |     1 ||     1
